cohdb
Replays
Latest Replays
All Replays
Popular Replays
Top Player Replays
Match Explorer
How It Works
Community
CoH3 Stats
Reddit
Sign in to upload your games and track your stats! →
Sign in with Steam
Match 46576374
Unlisted
Match 46576374
Overview
Messages
Build Orders
End
Kradschützen Motorcycle Team
Selects Panzerjäger Kommand Battlegroup
Selects Panzerjäger Kommand Battlegroup
Selects Mine Fields
Panzergrenadier Squad
Panzergrenadier Squad
Construct Light Support Kompanie
MG34 Team
Panzergrenadier Squad
Fire Support Elements
Panzerjäger Mechanized Group
Selects Tank Busters
2.5-tonne Medical Truck
Veteran Squad Leaders
2.5-tonne Medical Truck
dkluan92
MY BIG FAT ORK WEDDING
Sigismund
Mutzelmen
Ra11
MatioS
Zbirga
Dirkradix
0
0
Comments
sign in to comment!
No comments posted yet!